 Dungeon Crawl Stone Soup version 0.22-a0-757-gdba82d8 (webtiles) character file.

294 Hebeh the Magician (level 6, -3/32 HPs)
             Began as a Deep Elf Fire Elementalist on July 16, 2018.
             Slain by Edmund
             ... wielding a +3 dire flail of protection
              (20 damage)
             ... on level 4 of the Dungeon.
             The game lasted 00:15:58 (3478 turns).

Hebeh the Magician (Deep Elf Fire Elementalist)     Turns: 3478, Time: 00:15:59

Health: -3/32      AC:  2    Str:  5    XL:     6   Next: 11%
Magic:  7/15       EV: 13    Int: 26    God:
Gold:   295        SH:  0    Dex: 20    Spells: 9/15 levels left

rFire    . . .     SeeInvis .   a - +2 dagger (speed)
rCold    . . .     Gourm    .   (no shield)
rNeg     . . .     Faith    .   w - +0 robe
rPois    .         Spirit   .   (no helmet)
rElec    .         Reflect  .   (no cloak)
rCorr    .         Harm     .   (no gloves)
MR       .....                  (no boots)
Stlth    ++........             (no amulet)
HPRegen  0.10/turn              e - +5 ring of dexterity
MPRegen  0.14/turn              n - +4 ring of intelligence

@: no status effects
A: no striking features
a: no special abilities


You were on level 4 of the Dungeon.
You were hungry.

You visited 2 branches of the dungeon, and saw 5 of its levels.

You collected 295 gold pieces.

Inventory:

Hand Weapons
 a - a +2 dagger of speed (weapon)
Missiles
 f - a tomahawk
 g - 50 arrows
 k - 57 stones (quivered)
Armour
 b - a +0 pair of gloves
 w - a +0 robe (worn)
Jewellery
 e - a +5 ring of dexterity (left hand)
 n - a +4 ring of intelligence (right hand)
Scrolls
 d - a scroll of identify
 h - a scroll of enchant armour {unknown}
 j - 2 scrolls of noise {unknown}
 l - 2 scrolls of fear
 m - a scroll of remove curse {unknown}
 q - 2 scrolls of teleportation {unknown}
 r - a scroll of blinking {unknown}
 s - a scroll of amnesia {unknown}
 v - 2 scrolls of immolation {unknown}
Potions
 i - a potion of agility {unknown}
 o - a potion of curing {unknown}
 p - 3 potions of lignification {unknown}
 t - a potion of haste {unknown}
Comestibles
 c - 7 rations


   Skills:
 + Level 2.7 Dodging
 - Level 2.4 Stealth
 * Level 5.0 Spellcasting
 * Level 4.6 Conjurations
 * Level 4.7 Fire Magic


You had 9 spell levels left.
You knew the following spells:

 Your Spells              Type           Power        Failure   Level  Hunger
a - Flame Tongue          Conj/Fire      ####.        1%          1    None
b - Throw Flame           Conj/Fire      ####..       1%          2    None
c - Conjure Flame         Conj/Fire      ####....     3%          3    #......

Your spell library contained the following spells:

 Spells                   Type           Power        Failure   Level  Hunger
 Fireball                 Conj/Fire      ####......   30%         5    #####..
 Sticky Flame             Conj/Fire      ####....     11%         4    ###....
 Inner Flame              Hex/Fire       ###.....     9%          3    #......


Dungeon Overview and Level Annotations

Branches:
Dungeon (4/15)             Temple (1/1) D:4

Altars:
Ashenzari
Cheibriados
Dithmenos
Elyvilon
Fedhas
Hepliaklqana
Kikubaaqudgha
Okawaru
Qazlal
Trog
Uskayaw
Wu Jian
Yredelemnul
The Shining One

Annotations:
D:4 Edmund


Message History

Edmund is moderately wounded.
Edmund drinks a potion.
Edmund seems to grow stronger.
Casting: Flame Tongue (safe; 1% risk of failure)
Confirm with . or Enter, or press ? or * to list all spells.
Aiming: Flame Tongue (safe; 1% risk of failure)
Press: ? - help, Shift-Dir - straight line, f/p - Edmund
Aim: Edmund, wielding a dire flail of protection and wearing a scale mail (moderately wounded, unusually strong)
The flame tongue hits Edmund.
Edmund appears unharmed.
Edmund is moderately wounded.
Edmund hits you with a dire flail of protection!
Casting: Flame Tongue (safe; 1% risk of failure)
Confirm with . or Enter, or press ? or * to list all spells.
Aiming: Flame Tongue (safe; 1% risk of failure)
Press: ? - help, Shift-Dir - straight line, f/p - Edmund
Aim: Edmund, wielding a dire flail of protection and wearing a scale mail (moderately wounded, unusually strong)
The flame tongue hits Edmund.
Edmund is heavily wounded.
Edmund hits you with a dire flail of protection!!
Ouch! That really hurt!
You die...

#.###.###.###.........
#.##.## ##..'.........
#.##.# #.##.........
#.##.## ##.###.......#
#.###.###.## ##.....##
#.........# ##...##
#####.##### ##'## #.#
#.# #@# ######.## #@#
#.......### #.#
#.###...#.# ...
#.##....)..
....####.###......
...................
.....####.#####....
##...## #.#####....
#.......#.#


You could see Edmund.

Vanquished Creatures
  An ice beast (D:4)
  An orc wizard (D:3)
  An orc priest (D:3)
  4 gnolls (D:2)
  3 adders
  3 dart slugs
  2 orcs (D:3)
  7 bats
  4 giant cockroaches
  10 goblins
  5 hobgoblins
  6 jackals
  A quokka (D:2)
  5 frilled lizards
  13 kobolds
  4 rats
70 creatures vanquished.

Vanquished Creatures (others)
  A hobgoblin (D:3)
1 creature vanquished.

Grand Total: 71 creatures vanquished

Notes
Turn   | Place    | Note
-------+----------+-------------------------------------------
     0 | D:1      | Hebeh the Deep Elf Fire Elementalist began the quest for the Orb.
     0 | D:1      | Reached XP level 1. HP: 10/10 MP: 6/6
   264 | D:1      | Reached XP level 2. HP: 15/15 MP: 6/8
  1059 | D:2      | Reached XP level 3. HP: 19/19 MP: 7/10
  1110 | D:2      | Learned a level 2 spell: Throw Flame
  1114 | D:2      | Learned a level 3 spell: Conjure Flame
  1518 | D:2      | Reached XP level 4. HP: 24/24 MP: 3/11
  1700 | D:2      | Reached skill level 4 in Spellcasting
  1921 | D:2      | Found an ancient bone altar of Kikubaaqudgha.
  2477 | D:3      | Found a bloodstained altar of Trog.
  2511 | D:3      | Found a white marble altar of Elyvilon.
  2559 | D:3      | Reached XP level 5. HP: 9/28 MP: 6/13
  2839 | D:3      | Found a hide-covered altar of Uskayaw.
  3157 | D:4      | Found a staircase to the Ecumenical Temple.
  3168 | Temple   | Entered the Ecumenical Temple
  3330 | D:4      | Found a stormy altar of Qazlal.
  3331 | D:4      | Noticed an air elemental
  3331 | D:4      | Noticed a fire elemental
  3331 | D:4      | Noticed a water elemental
  3350 | D:4      | Noticed an ice beast
  3353 | D:4      | Killed an ice beast
  3353 | D:4      | Reached skill level 5 in Spellcasting
  3353 | D:4      | Reached XP level 6. HP: 32/32 MP: 10/15
  3470 | D:4      | Noticed Edmund
  3478 | D:4      | Slain by Edmund

Vault maps used:
D:1:      lemuel_arrival_muddy
D:2:      kiku_gazebo_pond_becter, first_ration
D:3:      elyvilon_altar_4, nicolae_overflow_crystal_walls, bloody_trog
D:4:      grunt_temple_overflow_gold_and_silver,
          nicolae_qazlal_style_of_elements, temple_fountains, uniq_edmund,
          uniq_blork_the_orc
Temple:   nicolae_temple_figure_zero

Skill      XL: |  1  2  3  4  5 |
---------------+----------------+-----
Conjurations   | 2 3 4 |  4.6
Spellcasting   | 4 5 |  5.0
Fire Magic     | 4 |  4.7
Dodging        | |  2.7
Stealth        | |  2.4

Action                   |  1- 3 |  4- 6 || total
-------------------------+-------+-------++-------
Melee: Club              |       |     5 ||     5
Throw: Stone             |    38 |    43 ||    81
 Cast: Flame Tongue      |    60 |    58 ||   118
       Throw Flame       |     3 |     1 ||     4
       Conjure Flame     |     1 |     1 ||     2
  Use: Scroll            |       |     2 ||     2
  Eat: Chunk             |     2 |     5 ||     7
Armor: Robe              |     2 |     2 ||     4
Dodge: Dodged            |    17 |     7 ||    24

Table legend:
 A = Spawn XP
 B = Non-spawn XP
 C = Spawn XP percentage of total XP
 D = Spawn monster count
 E = Non-spawn monster count
 F = Spawn count percentage of total count
 G = Total turns spent on level
                    A         B        C        D         E        F      G
               +---------+---------+-------+---------+---------+-------+---------
         Total |       0 |     420 |   0.0 |       0 |      70 |   0.0 |  3478
               +---------+---------+-------+---------+---------+-------+---------
           D:1 |       0 |      33 |   0.0 |       0 |      19 |   0.0 |  1008
           D:2 |       0 |     123 |   0.0 |       0 |      34 |   0.0 |  1392
           D:3 |       0 |     132 |   0.0 |       0 |      16 |   0.0 |   738
           D:4 |       0 |     132 |   0.0 |       0 |       1 |   0.0 |   222
               +---------+---------+-------+---------+---------+-------+---------
